 Dungeon Crawl Stone Soup version 0.29.0-4-gdea44cf6ec (webtiles) character file.

Game seed: 7300389284861027811

9589 qw the Cleaver (level 11, -1/72 HPs)
             Began as a Gargoyle Berserker on Sept 7, 2022.
             Was an Elder of Trog.
             Slain by a yak (8 damage)
             ... on level 1 of the Lair of Beasts.
             The game lasted 00:04:28 (14104 turns).

qw the Cleaver (Gargoyle Berserker)                Turns: 14104, Time: 00:04:29

Health: -1/72      AC: 28    Str: 25    XL:     11   Next: 48%
Magic:  11/11      EV:  8    Int:  8    God:    Trog [****..]
Gold:   159        SH:  5    Dex:  9    Spells: 10/10 levels left

rFire   . . .      SeeInvis .   Y - +1 war axe
rCold   . . .      Faith    .   (no shield)
rNeg    + + .      Spirit   .   c - +0 plate armour
rPois   inf        Reflect  +   h - +0 helmet
rElec   +          Harm     .   o - +0 cloak
rCorr   .          Rampage  .   j - +1 pair of gloves
Will    .....                   l - +0 pair of boots
Stlth   ..........              n - amulet of reflection
HPRegen 0.22/turn               d - ring of positive energy
MPRegen 0.12/turn               (no ring)

@: about to teleport, on berserk cooldown, slowed, very slow
A: sickness immunity, AC +8, negative energy resistance 1, electricity
resistance, torment resistance 1, petrification resistance
a: Renounce Religion, Berserk, Trog's Hand, Brothers in Arms


You were on level 1 of the Lair of Beasts.
You worshipped Trog.
Trog was greatly pleased with you.
You visited 2 branches of the dungeon, and saw 9 of its levels.

You collected 372 gold pieces.
You spent 213 gold pieces at shops.


Innate Abilities, Weirdness & Mutations

You are immune to sickness and miasma.
Your stone body is resilient. (AC +8)
You are immune to poison.
You resist negative energy. (rN+)
You are resistant to electric shocks. (rElec)
You are resistant to unholy torment.
You are immune to petrification.


   Skills:
 - Level 10.0 Fighting
 + Level 12.2 Axes
 - Level 1.0 Throwing
 - Level 9.0 Armour
 - Level 2.7 Dodging


You had 10 spell levels left.
You didn't know any spells.
Your spell library was empty.

Inventory:

Hand Weapons
 i - a +0 morningstar of protection
 Y - a +1 war axe (weapon)
Missiles
 r - 2 boomerangs (quivered)
Armour
 c - a +0 plate armour (worn)
 h - a +0 helmet (worn)
 j - a +1 pair of gloves (worn)
 l - a +0 pair of boots (worn)
 o - a +0 cloak (worn)
Jewellery
 b - a ring of ice
 d - a ring of positive energy (left hand)
 n - an amulet of reflection (around neck)
Wands
 s - a wand of digging (4)
Scrolls
 a - 5 scrolls of identify
 m - a scroll of teleportation
Potions
 f - 6 potions of mutation
 g - 2 potions of resistance
 k - a potion of haste
 q - 8 potions of curing

Dungeon Overview and Level Annotations

Branches:
Dungeon (8/15)             Temple (0/1) D:6            Lair (1/5) D:8

Altars:
Hepliaklqana
Kikubaaqudgha
Sif Muna
Vehumet
Yredelemnul
Zin

Shops:
D:3 ?   D:7 [   D:8 ![!=(

Annotations:
D:3 2 transporters, qw's ghost, amateur GrFi
Lair:1 Amaemon


Message History

A bullfrog and a yak come into view.
You are no longer berserk.
You are exhausted.
You feel yourself slow down.
The yak bellows! x2
The blink frog blinks!
The yak gores you but does no damage.
You slash the yak!
The yak is moderately wounded.
You slash the yak! x2
The blink frog blinks!
The yak gores you! The yak gores you. x2
You slice the yak!!
The yak is almost dead.
You hit the yak. You barely miss the yak. You barely miss the blink frog.
The blink frog hits you but does no damage.
The yak gores you but does no damage. The yak gores you.
The yak gores you but does no damage.
The blink frog hits you but does no damage.
You slash the yak!
You kill the yak!
Trog accepts your kill.
You slash the blink frog! You barely miss the yak. You slash the yak!
The yak gores you but does no damage. The yak barely misses you.
The blink frog hits you but does no damage.
You block the yak's attack. The yak gores you but does no damage.
You slash the blink frog!
You kill the blink frog!
Trog accepts your kill.
You completely miss the yak. You barely miss the yak. You hit the blink frog.
The blink frog hits you but does no damage.
The yak gores you. The yak gores you!
The blink frog hits you but does no damage.
14104 ||| READING 2 scrolls of teleportation.
As you read the scroll of teleportation, it crumbles to dust.
You feel strangely unstable.
The bullfrog hits you but does no damage.
The blink frog hits you but does no damage.
The yak gores you but does no damage. The yak barely misses you.
The bullfrog barely misses you. You block the blink frog's attack.
The yak gores you!
You die...

........#
..P.#####.P...#
................
^..............#
................
.................
....>....YF......
........FFY......
........%@YY.....
.....###.###.....
...........# ...
.....#.....# .
... #.....# .
#.....# #.....#
.#.#### .....


You could see 4 yaks, 2 blink frogs and a bullfrog.

Vanquished Creatures
  A two-headed ogre (D:8)
  Pikel (D:7)
  An elephant (D:8)
  A gargoyle (D:8)
  A cane toad (Lair:1)
  Maggie (D:6)
  2 blink frogs (Lair:1)
  A hornet (D:8)
  Grinder (D:5)
  Sigmund (D:5)
  4 wyverns (D:8)
  A shadow (D:8)
  3 yaks
  A basilisk (D:8)
  A vampire mosquito (D:8)
  Menkaure (D:6)
  3 water moccasins
  5 ice beasts
  3 orc warriors
  3 black bears
  2 centaurs (D:5)
  A phantom (D:5)
  Blork the orc (D:4)
  3 kobold brigands (D:8)
  A necrophage (D:3)
  6 bullfrogs
  A gnoll sergeant (D:8)
  3 scorpions
  17 wights
  6 killer bees (D:8)
  2 howler monkeys
  6 hounds
  7 orc priests
  4 jellies
  A gnoll bouda (D:8)
  3 iguanas
  14 orc wizards
  Robin (D:2)
  4 gnolls
  5 adders
  A white imp (D:5)
  An ufetubus (D:4)
  A worm (D:2)
  2 dart slugs
  37 orcs
  A bat (D:1)
  11 endoplasms
  4 giant cockroaches
  14 goblins
  12 hobgoblins
  8 jackals
  10 kobolds
  A quokka (D:1)
  7 ball pythons
  4 frilled lizards
  8 rats
246 creatures vanquished.

Vanquished Creatures (others)
  4 fungi (Lair:1)
  2 plants (Lair:1)
6 creatures vanquished.

Grand Total: 252 creatures vanquished

Notes
Turn   | Place    | Note
-------+----------+-------------------------------------------
     0 | D:1      | qw the Gargoyle Berserker began the quest for the Orb.
     0 | D:1      | Reached XP level 1. HP: 14/14 MP: 1/1
     0 | D:1      | 0 ||| qw: Version: 0.1-a-108-g9e35731
     0 | D:1      | 0 ||| qw: Game counter: 6469
     0 | D:1      | 0 ||| qw: Always use a shield: true
     0 | D:1      | 0 ||| qw: Do Orc after D:15 true
     0 | D:1      | 0 ||| qw: Do second Lair branch before Depths: true
     0 | D:1      | 0 ||| qw: Lair rune preference: random
     0 | D:1      | 0 ||| qw: Plans: Normal
     0 | D:1      | 0 ||| PLANNING D:1-11
    14 | D:1      | 14 ||| INVOKING Berserk.
   219 | D:1      | 219 ||| INVOKING Berserk.
   220 | D:1      | HP: 5/21 [kobold/+0 short sword (1)]
   223 | D:1      | Reached skill level 3 in Axes
   340 | D:1      | 340 ||| Stepping ~*~*~tactically~*~*~ (stealth).
   343 | D:1      | 343 ||| Stepping ~*~*~tactically~*~*~ (stealth).
   351 | D:1      | 351 ||| INVOKING Berserk.
   570 | D:1      | Reached XP level 2. HP: 19/19 MP: 2/2
   584 | D:1      | 584 ||| Stepping ~*~*~tactically~*~*~ (stealth).
   585 | D:1      | 585 ||| Stepping ~*~*~tactically~*~*~ (stealth).
   615 | D:1      | 615 ||| Stepping ~*~*~tactically~*~*~ (stealth).
   617 | D:1      | 617 ||| Stepping ~*~*~tactically~*~*~ (stealth).
   652 | D:1      | 652 ||| Stepping ~*~*~tactically~*~*~ (stealth).
   654 | D:1      | 654 ||| Stepping ~*~*~tactically~*~*~ (hiding).
   863 | D:1      | 863 ||| Stepping ~*~*~tactically~*~*~ (stealth).
   865 | D:1      | 865 ||| Stepping ~*~*~tactically~*~*~ (stealth).
   866 | D:1      | 866 ||| Stepping ~*~*~tactically~*~*~ (stealth).
   867 | D:1      | 867 ||| Stepping ~*~*~tactically~*~*~ (stealth).
   868 | D:1      | 868 ||| Stepping ~*~*~tactically~*~*~ (stealth).
   920 | D:1      | Reached XP level 3. HP: 16/23 MP: 3/3
  1062 | D:1      | 1062 ||| INVOKING Berserk.
  1527 | D:1      | Reached skill level 4 in Axes
  1546 | D:1      | Found a faded altar of an unknown god.
  1729 | D:1      | 1729 ||| UPGRADING to +0 leather armour.
  1739 | D:1      | 1739 ||| DROPPING +0 animal skin.
  1740 | D:1      | 1740 ||| READING 4 scrolls labelled COTHIH ORPHEI.
  1741 | D:1      | 1741 ||| READING scroll labelled QUTIUNLO MOTZ.
  1798 | D:2      | 1798 ||| INVOKING Berserk.
  1915 | D:2      | 1915 ||| Stepping ~*~*~tactically~*~*~ (stealth).
  2059 | D:2      | 2059 ||| INVOKING Berserk.
  2233 | D:2      | 2233 ||| Stepping ~*~*~tactically~*~*~ (stealth).
  2250 | D:2      | 2250 ||| INVOKING Berserk.
  2267 | D:2      | 2267 ||| Stepping ~*~*~tactically~*~*~ (stealth).
  2268 | D:2      | 2268 ||| Stepping ~*~*~tactically~*~*~ (stealth).
  2533 | D:2      | 2533 ||| Stepping ~*~*~tactically~*~*~ (stealth).
  2541 | D:2      | Reached XP level 4. HP: 26/28 MP: 4/4
  2548 | D:2      | Noticed Robin
  2549 | D:2      | 2549 ||| Stepping ~*~*~tactically~*~*~ (stealth).
  2561 | D:2      | 2561 ||| Stepping ~*~*~tactically~*~*~ (stealth).
  2562 | D:2      | 2562 ||| Stepping ~*~*~tactically~*~*~ (stealth).
  2565 | D:2      | 2565 ||| INVOKING Berserk.
  2565 | D:2      | HP: 10/42 [goblin/+0 club[Robin] (2)]
  2573 | D:2      | Killed Robin
  2574 | D:2      | Reached ** piety under Trog
  3117 | D:2      | 3117 ||| INVOKING Berserk.
  3519 | D:2      | 3519 ||| UPGRADING to +0 chain mail.
  3529 | D:2      | 3529 ||| DROPPING +0 leather armour.
  3530 | D:2      | 3530 ||| UPGRADING to +0 helmet.
  3535 | D:2      | 3535 ||| UPGRADING to ring of positive energy.
  3536 | D:2      | 3536 ||| READING scroll labelled LAX LASAOSUHAS.
  3537 | D:2      | 3537 ||| READING scroll labelled DOASUSINKU.
  3538 | D:2      | 3538 ||| READING scroll labelled RUADIOH IGIERE.
  3539 | D:2      | 3539 ||| READING scroll labelled ROOSKI GITWUZ.
  3570 | D:3      | 3570 ||| STAIRDANCE
  3592 | D:3      | 3592 ||| Stepping ~*~*~tactically~*~*~ (stealth).
  3595 | D:3      | 3595 ||| FLEEEEING.
  3596 | D:3      | 3596 ||| FLEEEEING.
  3606 | D:3      | Reached skill level 5 in Axes
  3606 | D:3      | Reached XP level 5. HP: 28/32 MP: 5/5
  3606 | D:3      | 3606 ||| STAIRDANCE
  3641 | D:2      | 3641 ||| DROPPING +0 club.
  3645 | D:3      | Found Enall's Magic Scroll Boutique.
  3660 | D:3      | 3660 ||| SHOPLISTING scroll of identify (28 gold, have 19).
  3660 | D:3      | 3660 ||| SHOPLISTING scroll of teleportation (42 gold, have
                  | 19).
  3696 | D:3      | 3696 ||| Stepping ~*~*~tactically~*~*~ (stealth).
  3703 | D:3      | 3703 ||| Stepping ~*~*~tactically~*~*~ (stealth).
  3723 | D:3      | 3723 ||| Stepping ~*~*~tactically~*~*~ (stealth).
  3742 | D:3      | 3742 ||| Stepping ~*~*~tactically~*~*~ (stealth).
  3890 | D:3      | Noticed qw's ghost (amateur GrFi)
  3937 | D:3      | 3937 ||| Stepping ~*~*~tactically~*~*~ (stealth).
  3944 | D:3      | Found a transporter.
  3949 | D:3      | Found a transporter.
  4270 | D:3      | 4270 ||| Stepping ~*~*~tactically~*~*~ (stealth).
  4339 | D:3      | 4339 ||| UPGRADING to +0 plate armour.
  4349 | D:3      | 4349 ||| DROPPING +0 chain mail.
  4350 | D:3      | 4350 ||| READING scroll labelled YBOCODW IGHOTS.
  4351 | D:3      | 4351 ||| READING 4 scrolls of identify.
  4351 | D:3      | 4351 ||| IDENTIFYING cyan potion
  4352 | D:3      | 4352 ||| READING 3 scrolls of identify.
  4352 | D:3      | 4352 ||| IDENTIFYING murky yellow potion
  4372 | D:4      | 4372 ||| STAIRDANCE
  4385 | D:3      | Reached skill level 3 in Armour
  4477 | D:4      | Reached XP level 6. HP: 25/38 MP: 6/6
  4477 | D:4      | 4477 ||| STAIRDANCE
  4591 | D:4      | 4591 ||| Stepping ~*~*~tactically~*~*~ (stealth).
  4593 | D:4      | 4593 ||| Stepping ~*~*~tactically~*~*~ (stealth).
  5082 | D:4      | Found a shimmering blue altar of Sif Muna.
  5083 | D:4      | 5083 ||| INVOKING Berserk.
  5199 | D:4      | 5199 ||| DROPPING +0 mace.
  5208 | D:4      | Found an ancient bone altar of Kikubaaqudgha.
  5210 | D:4      | 5210 ||| INVOKING Berserk.
  5218 | D:4      | Reached skill level 6 in Axes
  5344 | D:4      | Found a radiant altar of Vehumet.
  5378 | D:4      | Reached XP level 7. HP: 43/43 MP: 7/7
  5400 | D:4      | 5400 ||| Stepping ~*~*~tactically~*~*~ (stealth).
  5401 | D:4      | 5401 ||| Stepping ~*~*~tactically~*~*~ (stealth).
  5441 | D:4      | Noticed Blork the orc
  5442 | D:4      | 5442 ||| Stepping ~*~*~tactically~*~*~ (hiding).
  5444 | D:4      | 5444 ||| Stepping ~*~*~tactically~*~*~ (hiding).
  5453 | D:4      | 5453 ||| INVOKING Berserk.
  5464 | D:4      | Killed Blork the orc
  5598 | D:4      | 5598 ||| Stepping ~*~*~tactically~*~*~ (hiding).
  5602 | D:4      | 5602 ||| INVOKING Berserk.
  5745 | D:4      | 5745 ||| DROPPING +0 flail.
  5914 | D:4      | Reached *** piety under Trog
  5943 | D:4      | 5943 ||| Stepping ~*~*~tactically~*~*~ (stealth).
  6099 | D:4      | 6099 ||| UPGRADING to +0 pair of gloves.
  6104 | D:4      | 6104 ||| UPGRADING to +0 pair of boots.
  6109 | D:4      | 6109 ||| READING scroll labelled GEV QENUACKO.
  6110 | D:4      | 6110 ||| READING scroll labelled UHEKLATWEB.
  6115 | D:5      | Entered Level 5 of the Dungeon
  6152 | D:5      | Noticed Grinder
  6153 | D:5      | 6153 ||| INVOKING Trog's Hand.
  6156 | D:5      | 6156 ||| INVOKING Berserk.
  6165 | D:5      | Killed Grinder
  6166 | D:5      | Reached skill level 7 in Axes
  6271 | D:5      | 6271 ||| READING scroll of enchant armour.
  6271 | D:5      | 6271 ||| ENCHANTING +0 pair of gloves.
  6317 | D:5      | Reached XP level 8. HP: 48/48 MP: 8/8
  6334 | D:5      | 6334 ||| Stepping ~*~*~tactically~*~*~ (hiding).
  6335 | D:5      | 6335 ||| Stepping ~*~*~tactically~*~*~ (hiding).
  6340 | D:5      | 6340 ||| INVOKING Berserk.
  6456 | D:5      | 6456 ||| Stepping ~*~*~tactically~*~*~ (stealth).
  6461 | D:5      | 6461 ||| Stepping ~*~*~tactically~*~*~ (stealth).
  6464 | D:5      | 6464 ||| Stepping ~*~*~tactically~*~*~ (hiding).
  6489 | D:5      | 6489 ||| FLEEEEING.
  6490 | D:5      | 6490 ||| FLEEEEING.
  6491 | D:5      | 6491 ||| FLEEEEING.
  6492 | D:5      | 6492 ||| FLEEEEING.
  6493 | D:5      | 6493 ||| FLEEEEING.
  6499 | D:5      | 6499 ||| FLEEEEING.
  6500 | D:5      | 6500 ||| FLEEEEING.
  6501 | D:5      | 6501 ||| FLEEEEING.
  6502 | D:5      | 6502 ||| FLEEEEING.
  6503 | D:5      | 6503 ||| FLEEEEING.
  6508 | D:5      | 6508 ||| FLEEEEING.
  6509 | D:5      | 6509 ||| FLEEEEING.
  6524 | D:5      | 6524 ||| FLEEEEING.
  6525 | D:5      | 6525 ||| FLEEEEING.
  6526 | D:5      | 6526 ||| FLEEEEING.
  6527 | D:5      | 6527 ||| FLEEEEING.
  6531 | D:5      | 6531 ||| FLEEEEING.
  6532 | D:5      | 6532 ||| FLEEEEING.
  6654 | D:5      | 6654 ||| INVOKING Berserk.
  6670 | D:5      | Noticed Sigmund
  6679 | D:5      | Killed Sigmund
  6680 | D:5      | Reached skill level 8 in Axes
  6864 | D:5      | 6864 ||| DROPPING +0 morningstar.
  7023 | D:5      | Reached skill level 6 in Fighting
  7624 | D:5      | 7624 ||| Stepping ~*~*~tactically~*~*~ (stealth).
  7626 | D:5      | 7626 ||| Stepping ~*~*~tactically~*~*~ (hiding).
  7637 | D:5      | Reached skill level 6 in Armour
  7637 | D:5      | Reached XP level 9. HP: 47/55 MP: 9/9
  7775 | D:5      | 7775 ||| READING 3 scrolls of identify.
  7775 | D:5      | 7775 ||| IDENTIFYING fizzy white potion
  7776 | D:5      | 7776 ||| READING 2 scrolls of identify.
  7776 | D:5      | 7776 ||| IDENTIFYING murky pink potion
  7777 | D:5      | 7777 ||| DROPPING potion of lignification.
  7841 | D:6      | Found a glowing silver altar of Zin.
  7848 | D:6      | 7848 ||| INVOKING Berserk.
  7995 | D:6      | Found a staircase to the Ecumenical Temple.
  7997 | D:6      | 7997 ||| Stepping ~*~*~tactically~*~*~ (stealth).
  8011 | D:6      | Noticed Menkaure
  8012 | D:6      | 8012 ||| Stepping ~*~*~tactically~*~*~ (stealth).
  8042 | D:6      | 8042 ||| Stepping ~*~*~tactically~*~*~ (hiding).
  8044 | D:6      | 8044 ||| Stepping ~*~*~tactically~*~*~ (hiding).
  8047 | D:6      | 8047 ||| INVOKING Berserk.
  8049 | D:6      | Killed Menkaure
  8341 | D:6      | Reached skill level 9 in Axes
  8425 | D:6      | 8425 ||| Stepping ~*~*~tactically~*~*~ (stealth).
  8513 | D:6      | 8513 ||| INVOKING Berserk.
  8711 | D:6      | 8711 ||| Stepping ~*~*~tactically~*~*~ (stealth).
  8734 | D:6      | 8734 ||| INVOKING Berserk.
  8941 | D:6      | 8941 ||| SWAPPING to +4 hand axe.
  8943 | D:6      | Noticed Maggie
  8972 | D:6      | Killed Maggie
  9181 | D:6      | 9181 ||| DROPPING +1 hand axe.
  9430 | D:6      | 9430 ||| INVOKING Berserk.
  9653 | D:6      | Reached skill level 10 in Axes
  9704 | D:6      | 9704 ||| DROPPING scarf of shadows.
  9705 | D:6      | 9705 ||| DROPPING amulet of faith.
  9706 | D:6      | 9706 ||| DRINKING 2 black potions.
  9707 | D:6      | 9707 ||| DRINKING 3 dark potions.
  9708 | D:6      | 9708 ||| READING 2 scrolls of identify.
  9708 | D:6      | 9708 ||| IDENTIFYING pink potion
  9709 | D:6      | 9709 ||| DROPPING 2 potions of attraction.
  9852 | D:7      | Found a basalt altar of Yredelemnul.
  9881 | D:7      | 9881 ||| INVOKING Berserk.
 10014 | D:7      | 10014 ||| Stepping ~*~*~tactically~*~*~ (hiding).
 10015 | D:7      | 10015 ||| Stepping ~*~*~tactically~*~*~ (hiding).
 10019 | D:7      | 10019 ||| INVOKING Berserk.
 10207 | D:7      | 10207 ||| INVOKING Berserk.
 10226 | D:7      | Reached XP level 10. HP: 52/64 MP: 10/10
 10260 | D:7      | 10260 ||| FLEEEEING.
 10261 | D:7      | 10261 ||| FLEEEEING.
 10262 | D:7      | 10262 ||| FLEEEEING.
 10263 | D:7      | 10263 ||| FLEEEEING.
 10264 | D:7      | 10264 ||| FLEEEEING.
 10265 | D:7      | 10265 ||| FLEEEEING.
 10266 | D:7      | 10266 ||| FLEEEEING.
 10267 | D:7      | 10267 ||| FLEEEEING.
 10268 | D:7      | 10268 ||| FLEEEEING.
 10269 | D:7      | 10269 ||| STAIRDANCE
 10377 | D:7      | 10377 ||| INVOKING Berserk.
 10510 | D:7      | 10510 ||| READING scroll of enchant weapon.
 10510 | D:7      | 10510 ||| ENCHANTING +4 hand axe.
 10550 | D:7      | Noticed Pikel
 10572 | D:7      | Killed Pikel
 10596 | D:7      | Found a hazy altar of Hepliaklqana.
 10611 | D:7      | Found Sihanuer's Antique Armour Emporium.
 10654 | D:7      | 10654 ||| BUYING cloak (108 gold).
 10654 | D:7      | Bought a cloak for 108 gold pieces
 10654 | D:7      | 10654 ||| SHOPLISTING runed crystal plate armour (1992
                  | gold, have 94).
 10654 | D:7      | 10654 ||| SHOPLISTING shiny plate armour (624 gold, have
                  | 94).
 10654 | D:7      | 10654 ||| SHOPLISTING smoking plate armour (672 gold, have
                  | 94).
 11090 | D:7      | 11090 ||| UPGRADING to +0 cloak.
 11095 | D:7      | 11095 ||| READING scroll labelled HESITZ VAFIOT.
 11144 | D:8      | Found Sossyzie's Distillery.
 11144 | D:8      | Found Iviaxiw's Antique Weapon Emporium.
 11145 | D:8      | 11145 ||| Stepping ~*~*~tactically~*~*~ (hiding).
 11146 | D:8      | 11146 ||| Stepping ~*~*~tactically~*~*~ (stealth).
 11171 | D:8      | 11171 ||| SHOPLISTING 2 potions of might (120 gold, have
                  | 105).
 11171 | D:8      | 11171 ||| SHOPLISTING 2 potions of mutation (240 gold, have
                  | 105).
 11171 | D:8      | 11171 ||| BUYING potion of curing (45 gold).
 11171 | D:8      | Bought a potion of curing for 45 gold pieces
 11171 | D:8      | 11171 ||| SHOPLISTING potion of haste (150 gold, have 60).
 11171 | D:8      | 11171 ||| SHOPLISTING potion of heal wounds (75 gold, have
                  | 60).
 11171 | D:8      | 11171 ||| SHOPLISTING potion of resistance (150 gold, have
                  | 60).
 11214 | D:8      | Found Terisoqe's Distillery.
 11219 | D:8      | Found Tietwul's Jewellery Shoppe.
 11381 | D:8      | 11381 ||| SHOPLISTING potion of cancellation (80 gold, have
                  | 60).
 11381 | D:8      | 11381 ||| BUYING potion of curing (30 gold).
 11381 | D:8      | Bought a potion of curing for 30 gold pieces
 11381 | D:8      | 11381 ||| BUYING potion of curing (30 gold).
 11381 | D:8      | Bought a potion of curing for 30 gold pieces
 11381 | D:8      | 11381 ||| SHOPLISTING potion of heal wounds (50 gold, have
                  | 0).
 11381 | D:8      | 11381 ||| SHOPLISTING potion of might (40 gold, have 0).
 11381 | D:8      | 11381 ||| SWAPPING to +0 war axe.
 11382 | D:8      | 11382 ||| DROPPING +5 hand axe.
 11388 | D:8      | 11388 ||| SHOPLISTING +4 ring of slaying (780 gold, have
                  | 0).
 11388 | D:8      | 11388 ||| SHOPLISTING ring of Figyna {Ice rPois} (362 gold,
                  | have 0).
 11388 | D:8      | 11388 ||| SHOPLISTING ring of fire (250 gold, have 0).
 11388 | D:8      | 11388 ||| SHOPLISTING ring of protection from cold (250
                  | gold, have 0).
 11388 | D:8      | 11388 ||| SHOPLISTING ring of willpower (250 gold, have 0).
 11423 | D:8      | 11423 ||| INVOKING Berserk.
 11428 | D:8      | Noticed a gargoyle
 11431 | D:8      | Reached **** piety under Trog
 11435 | D:8      | Killed a gargoyle
 11449 | D:8      | 11449 ||| Stepping ~*~*~tactically~*~*~ (stealth).
 11457 | D:8      | Reached skill level 11 in Axes
 11467 | D:8      | 11467 ||| Stepping ~*~*~tactically~*~*~ (stealth).
 11468 | D:8      | 11468 ||| Stepping ~*~*~tactically~*~*~ (stealth).
 11471 | D:8      | 11471 ||| FLEEEEING.
 11472 | D:8      | 11472 ||| Stepping ~*~*~tactically~*~*~ (stealth).
 11486 | D:8      | 11486 ||| Stepping ~*~*~tactically~*~*~ (stealth).
 11491 | D:8      | 11491 ||| INVOKING Berserk.
 11602 | D:8      | 11602 ||| Stepping ~*~*~tactically~*~*~ (stealth).
 11615 | D:8      | Reached skill level 1 in Throwing
 11631 | D:8      | Reached skill level 9 in Fighting
 11726 | D:8      | 11726 ||| INVOKING Berserk.
 11836 | D:8      | 11836 ||| READING scroll of enchant weapon.
 11836 | D:8      | 11836 ||| ENCHANTING +0 war axe.
 11901 | D:8      | 11901 ||| Stepping ~*~*~tactically~*~*~ (stealth).
 11918 | D:8      | 11918 ||| INVOKING Berserk.
 11936 | D:8      | Reached skill level 9 in Armour
 11948 | D:8      | HP: 11/66 [wyvern (10)]
 11949 | D:8      | 11949 ||| READING 3 scrolls of teleportation.
 11950 | D:8      | 11950 ||| DRINKING 2 potions of heal wounds.
 12193 | D:8      | Noticed an elephant
 12194 | D:8      | Found a staircase to the Lair.
 12208 | D:8      | Killed an elephant
 12210 | D:8      | Reached XP level 11. HP: 35/71 MP: 11/11
 12210 | D:8      | 12210 ||| INVOKING Berserk.
 12596 | D:8      | Found Timeonof's Antique Armour Boutique.
 12605 | D:8      | 12605 ||| SHOPLISTING bloodstained ice dragon scales (2015
                  | gold, have 82).
 12605 | D:8      | 12605 ||| SHOPLISTING kite shield (139 gold, have 82).
 12605 | D:8      | 12605 ||| SHOPLISTING pair of pitted gloves (294 gold, have
                  | 82).
 12605 | D:8      | 12605 ||| SHOPLISTING shiny chain mail (232 gold, have 82).
 12605 | D:8      | 12605 ||| SHOPLISTING shiny plate armour (806 gold, have
                  | 82).
 12934 | D:8      | 12934 ||| Stepping ~*~*~tactically~*~*~ (hiding).
 13057 | D:8      | Reached skill level 12 in Axes
 13070 | D:8      | Noticed a two-headed ogre
 13071 | D:8      | 13071 ||| FLEEEEING.
 13072 | D:8      | 13072 ||| FLEEEEING.
 13077 | D:8      | 13077 ||| INVOKING Berserk.
 13086 | D:8      | Killed a two-headed ogre
 13270 | D:8      | 13270 ||| Stepping ~*~*~tactically~*~*~ (stealth).
 13278 | D:8      | 13278 ||| Stepping ~*~*~tactically~*~*~ (stealth).
 13671 | D:8      | 13671 ||| Stepping ~*~*~tactically~*~*~ (stealth).
 13673 | D:8      | 13673 ||| Stepping ~*~*~tactically~*~*~ (stealth).
 13902 | D:8      | 13902 ||| PLANNING LAIR
 13902 | D:8      | 13902 ||| UPGRADING to amulet of reflection.
 13907 | D:8      | 13907 ||| READING scroll labelled ANOWKE EHIJUANT.
 13908 | D:8      | 13908 ||| READING 6 scrolls of identify.
 13908 | D:8      | 13908 ||| IDENTIFYING purple potion
 13909 | D:8      | 13909 ||| DROPPING potion of ambrosia.
 13977 | Lair:1   | Entered Level 1 of the Lair of Beasts
 13984 | Lair:1   | 13984 ||| INVOKING Berserk.
 13996 | Lair:1   | Noticed Amaemon
 14005 | Lair:1   | 14005 ||| Stepping ~*~*~tactically~*~*~ (water).
 14006 | Lair:1   | HP: 13/72 [blink frog (8)]
 14007 | Lair:1   | 14007 ||| READING 3 scrolls of teleportation.
 14008 | Lair:1   | 14008 ||| DRINKING potion of heal wounds.
 14028 | Lair:1   | 14028 ||| Stepping ~*~*~tactically~*~*~ (stealth).
 14030 | Lair:1   | 14030 ||| Stepping ~*~*~tactically~*~*~ (stealth).
 14049 | Lair:1   | 14049 ||| INVOKING Berserk.
 14091 | Lair:1   | 14091 ||| INVOKING Berserk.
 14103 | Lair:1   | HP: 15/72 [yak (5)]
 14103 | Lair:1   | HP: 7/72 [yak (8)]
 14104 | Lair:1   | 14104 ||| READING 2 scrolls of teleportation.
 14104 | Lair:1   | Slain by a yak

Levels and vault maps discovered:
D:1:      nzn_arrival_water_spiral, layout_basic,
          chequers_ecumenical_altar_simple_redux
D:2:      layout_basic, cheibrodos_gnoll_hut, uniq_robin
D:3:      layout_basic, serial_shops, shop, gammafunk_ghost_stat_death
D:4:      layout_basic, palyth_temple_overflow_mages, uniq_blork_the_orc
D:5:      minmay_angry_zag, layout_basic, uniq_grinder, uniq_sigmund
D:6:      layout_basic, kennysheep_mini, temple_fountains, uniq_maggie,
          uniq_menkaure
D:7:      layout_loops_ring, yredelemnul_altar_generic,
          mainiacjoe_overflow_six_doors_small, serial_shops, shop,
          chequers_decorated_corner, uniq_pikel
D:8:      minmay_imperfect_grid, layout_layer_cave, david_lair_generic,
          serial_shops, shop, shop, nicolae_shop_trees, shop_fountains, shop
Lair:1:   layout_regular_city, dreamdust_mushroom_princess, lemuel_oklob_altar,
          infiniplex_staircase_pool_2, uniq_amaemon

Skill      XL: |  1  2  3  4  5  6  7  8  9 10 11 |
---------------+----------------------------------+-----
Axes           | 3 4 5 6 7 8 10 11 12 | 12.2
Armour         | 3 4 6 7 9 |  9.0
Fighting       | 4 6 7 9 10 | 10.0
Throwing       | 1 |  1.0
Dodging        | 2 |  2.7

Action                   |  1- 3 |  4- 6 |  7- 9 | 10-12 || total
-------------------------+-------+-------+-------+-------++-------
Melee: Hand axe          |   136 |   174 |   361 |    71 ||   742
       Punch             |     1 |     1 |     4 |     6 ||    12
       War axe           |       |       |       |   258 ||   258
Throw: Boomerang         |       |       |       |    23 ||    23
Invok: Berserk           |     7 |     4 |    13 |    10 ||    34
       Trog's Hand       |       |       |     1 |       ||     1
  Use: Scroll            |     2 |     7 |     6 |     8 ||    23
       Potion            |       |       |     2 |     2 ||     4
Armor: Animal skin       |    21 |       |       |       ||    21
       Leather armour    |    17 |    10 |       |       ||    27
       Chain mail        |       |    20 |       |       ||    20
       Plate armour      |       |    49 |   243 |   259 ||   551
Dodge: Dodged            |    54 |    62 |    88 |   121 ||   325
Block: Other             |       |       |       |    18 ||    18

Table legend:
 A = Non-vault XP
 B = Vault XP
 C = Vault XP percentage of total XP
 D = Non-vault monster count
 E = Vault monster count
 F = Vault count percentage of total count
                 A         B        C        D         E       F
            +---------+---------+-------+---------+---------+-------
      Total |    7234 |    6465 |  47.2 |     183 |      63 |  25.6
            +---------+---------+-------+---------+---------+-------
        D:1 |      53 |       0 |   0.0 |      30 |       0 |   0.0
        D:2 |      45 |      53 |  54.1 |      16 |      14 |  46.7
        D:3 |     141 |       0 |   0.0 |      16 |       0 |   0.0
        D:4 |     212 |     311 |  59.5 |      24 |       7 |  22.6
        D:5 |     812 |     797 |  49.5 |      15 |       7 |  31.8
        D:6 |    1061 |     554 |  34.3 |      22 |       2 |   8.3
        D:7 |     713 |     629 |  46.9 |      22 |       1 |   4.3
        D:8 |    2508 |    4121 |  62.2 |      30 |      32 |  51.6
     Lair:1 |    1689 |       0 |   0.0 |       8 |       0 |   0.0
            +---------+---------+-------+---------+---------+-------
